 Dungeon Crawl Stone Soup version 0.28-a0-172-g787e458d71 (webtiles) character file.

Game seed: 4424161076980122940

115 frimble the Cutter (level 4, -2/55 HPs)
             Began as a Minotaur Warper on Aug 17, 2021.
             Slain by a howler monkey (3 damage)
             ... on level 4 of the Dungeon.
             The game lasted 00:02:29 (2446 turns).

frimble the Cutter (Minotaur Warper)                Turns: 2446, Time: 00:02:30

Health: -2/55      AC: 10    Str: 16    XL:     4   Next: 68%
Magic:  5/5        EV: 12    Int: 10    God:
Gold:   615        SH:  0    Dex: 10    Spells: 3/5 levels left

rFire   . . .      SeeInvis .   a - +0 short sword
rCold   . . .      Faith    .   (no shield)
rNeg    . . .      Spirit   .   b - +0 leather armour
rPois   .          Reflect  .   (helmet restricted)
rElec   .          Harm     .   m - +0 cloak
rCorr   .          Rampage  .   (no gloves)
Will    .....                   k - +1 pair of boots
Stlth   ..........              (no amulet)
HPRegen 0.18/turn               u - +4 ring of protection
MPRegen 0.09/turn               (no ring)

@: mighty, berserking, flying, very quick
A: horns 2, retaliatory headbutt, MP-powered wands
a: no special abilities


You were on level 4 of the Dungeon.
You visited 1 branch of the dungeon, and saw 4 of its levels.

You collected 846 gold pieces.
You spent 231 gold pieces at shops.

Inventory:

Hand Weapons
 a - a +0 short sword (weapon)
Missiles
 d - 5 boomerangs of dispersal (quivered)
Armour
 b - a +0 leather armour (worn)
 k - a +1 pair of boots (worn)
 m - a +0 cloak (worn)
Jewellery
 u - a +4 ring of protection (left hand)
Scrolls
 c - 2 scrolls of blinking
 g - a scroll of torment {unknown}
 h - a scroll of teleportation {unknown}
 l - 5 scrolls of identify {unknown}
 n - a scroll of fear {unknown}
 o - a scroll of fog {unknown}
 p - a scroll of vulnerability
 q - a scroll of acquirement
 s - a scroll of magic mapping {unknown}
 t - a scroll of noise {unknown}
Potions
 e - a potion of mutation
 f - 2 potions of might
 i - a potion of curing {unknown}
 j - 2 potions of flight
 r - a potion of berserk rage


   Skills:
 - Level 2.5 Fighting
 + Level 3.5 Short Blades
 - Level 1.1 Throwing
 - Level 1.5 Armour
 + Level 3.2 Dodging
 - Level 1.4 Spellcasting
 + Level 2.9 Translocations


You had 3 spell levels left.
You knew the following spells:

 Your Spells              Type           Power      Damage    Failure   Level
a - Blink                 Tloc           N/A        N/A       19%         2

Your spell library contained the following spells:

 Spells                   Type           Power      Damage    Failure   Level
 Gell's Gravitas          Tloc           3%         N/A       34%         3
 Lesser Beckoning         Tloc           3%         N/A       34%         3
 Teleport Other           Tloc           6%         N/A       34%         3
 Manifold Assault         Tloc           6%         N/A       97%         5


Dungeon Overview and Level Annotations

Branches:
Dungeon (4/15)
 Temple: D:4-7

Altars:
Dithmenos

Shops:
D:1 *


Innate Abilities, Weirdness & Mutations

You have a pair of horns on your head.
You reflexively headbutt those who attack you in melee.
You expend magic power (3 MP) to strengthen your wands.


Message History

The orc priest calls down the wrath of Beogh upon you.
Beogh smites you!
* * * LOW HITPOINT WARNING * * *
Okay, then.
Okay, then.
It was a potion of might.
You feel very mighty all of a sudden. The orc misses you.
The orc priest barely misses you. You furiously retaliate!
You headbutt the orc priest!
You kill the orc priest!
It was a potion of mutation.
You feel extremely strange.
You feel your magical essence link to the dungeon's wands.
The orc closely misses you.
An orc comes into view. It is wielding a +0 club.
It was a potion of flight.
You feel very buoyant.
You fly up into the air.
The howler monkey hits you.
* * * LOW HITPOINT WARNING * * *
The orc hits you but does no damage. The orc closely misses you.
The howler monkey hits you but does no damage.
It was a potion of berserk rage.
A red film seems to cover your vision as you go berserk!
You feel yourself moving faster!
You feel mighty! The orc misses you. You furiously retaliate!
You headbutt the orc!
You kill the orc!
The orc barely misses you. The howler monkey barely misses you.
You are too berserk!
You barely miss the howler monkey. You puncture the howler monkey!
The howler monkey is heavily wounded.
The howler monkey hoots and howls with incredible vigour!
The orc misses you.
A goblin comes into view. It is wielding a +0 club.
You hear a shout! x2; You hear an angry hiss.
You hear a shout!
You puncture the howler monkey!
The howler monkey is almost dead.
The orc hits you with a +0 whip.
* * * LOW HITPOINT WARNING * * *
The howler monkey hits you.
You die...

## .. ..## . . .. #.
#... .# . .#.# #.#
#..##.##.# ...# #.#
#..#...... #..# #.#
#..o.....$ #..#
##.###.))...... # #..#
#....$.@o#..# . #..#
#..###..h...# .
##..####.............#
.##.#.......###......=.g
.#.###.###..........o..#
..## ##...........##.###
##.###.###.######## ..#
....#.## #.# .. ####.##
#.#


You could see a howler monkey (catching breath), 3 orcs and a goblin.

Vanquished Creatures
  An orc priest (D:4)
  2 adders
  2 dart slugs (D:1)
  2 orcs (D:4)
  2 ball pythons
  2 endoplasms (D:1)
  4 giant cockroaches
  2 goblins
  9 hobgoblins
  8 jackals (D:1)
  6 kobolds
  4 quokkas (D:1)
  5 bats
  4 frilled lizards
  2 rats
55 creatures vanquished.

Notes
Turn   | Place    | Note
-------+----------+-------------------------------------------
     0 | D:1      | frimble the Minotaur Warper began the quest for the Orb.
     0 | D:1      | Reached XP level 1. HP: 18/18 MP: 1/1
   173 | D:1      | Reached XP level 2. HP: 25/25 MP: 3/3
   183 | D:1      | Learned a level 2 spell: Blink
   359 | D:1      | Reached XP level 3. HP: 30/30 MP: 4/4
   761 | D:1      | Found Eteez's Assorted Antiques.
   764 | D:1      | Identified a scroll of acquirement
   764 | D:1      | Acquired 715 gold pieces
   767 | D:1      | Bought a scroll labelled BAYG GUFESEUR for 22 gold pieces
   767 | D:1      | Bought a scroll labelled WIRGHO UZUA for 22 gold pieces
   767 | D:1      | Bought a pair of embroidered boots for 165 gold pieces
   767 | D:1      | Bought a scroll labelled QIYPUR SERUAMO for 22 gold pieces
   819 | D:1      | Found a faded altar of an unknown god.
  2071 | D:3      | Reached XP level 4. HP: 37/37 MP: 5/5
  2312 | D:3      | Found a shadowy altar of Dithmenos.
  2441 | D:4      | Gained mutation: You expend magic power (3 MP) to
                  | strengthen your wands. [potion of mutation]
  2446 | D:4      | HP: 1/55 [orc (3)]
  2446 | D:4      | Slain by a howler monkey

Illustrated notes

Levels and vault maps discovered:
D:1:      shiori_shiawase, layout_loops_ring, chequers_ecumenical_altar_twisty,
          serial_shops, nicolae_shop_behind_doors, minmay_misc_feat_plants,
          minmay_tromino_v4_b
D:2:      layout_basic
D:3:      layout_rooms, grunt_dithmenos_smoke
D:4:      layout_loops_ring, grunt_temple_overflow_open, gammafunk_ghost_arena,
          serial_shops, nicolae_shop_temple_entry_statues_fountains

Skill      XL: |  1  2  3  4 |
---------------+-------------+-----
Short Blades   | 3 |  3.5
Dodging        | 3 |  3.2
Fighting       | |  2.5
Throwing       | |  1.1
Armour         | |  1.5
Spellcasting   | |  1.4
Translocations | |  2.9

Action                   |  1- 3 |  4- 6 || total
-------------------------+-------+-------++-------
Melee: Short sword       |   107 |    22 ||   129
       Headbutt          |    11 |     3 ||    14
  Use: Scroll            |     2 |       ||     2
       Potion            |       |     4 ||     4
 Stab: Sleeping          |       |     1 ||     1
Armor: Leather armour    |    23 |     7 ||    30
Dodge: Dodged            |    75 |    17 ||    92

Table legend: (Time is in decaauts)
 A = Elapsed time spent in this place.
 B = Non-inter-level travel time spent in this place.
 C = Inter-level travel time spent in this place.
 D = Time resting spent in this place.
 E = Time spent auto-exploring this place.
 F = Levels seen in this place.
 G = Mean time per level.
                   A        B        C        D        E       F      G
               +--------+--------+--------+--------+--------+-----+--------+
         Total |   2439 |   2335 |    104 |      0 |   2065 |   4 |  609.8 |
       Dungeon |   2439 |   2335 |    104 |      0 |   2065 |   4 |  609.8 |
               +--------+--------+--------+--------+--------+-----+--------+

Top non-repeatable levels by time:
     D:1: 1106 daAuts
     D:2: 829 daAuts
     D:3: 448 daAuts
     D:4: 55 daAuts
